AoeStats
← Imot

Arabian Desert

509231967Analyzed
1v1 RM · 7d ago on Sep 26, 2026· 31m 3s· 2 players
Game mode
Random Map
Map size
Tiny (2 player)
Population
200
Speed
Normal
Resources
Standard
Victory
Conquest
Starting age
Dark Age
Ending age
Imperial Age
RankedLock teamsTeams togetherTeam positionsShared explorationLock speedFull tech treeHidden civsTurbo modeCheats
Victory
Defeat
🇦🇷 Danes · Argentina
1361
+17
🇨🇷 Khitans · Costa Rica
1383
-17
Imot
7:33 Loom
10:01 Feudal Age
10:17 Man-at-Arms
11:54 Double-Bit Axe
16:02 Fletching
17:02 Scale Mail Armor
17:19 Forging
23:54 Castle Age
21:49 Gold Mining
22:41 Scale Mail Armor
22:29 Horse Collar
25:03 Chain Mail Armor
24:49 Squires
26:15 Arson
aldeano_negro
5:25 Loom
5:40 Loom
8:29 Feudal Age
10:01 Double-Bit Axe
14:33 Forging
19:39 Fletching
23:01 Padded Archer Armor
25:23 Castle Age
24:15 Scale Barding Armor
24:10 Gold Mining
25:04 Padded Archer Armor
28:31 Scale Mail Armor
29:05 Chain Barding Armor
Connection lost

Rejoining the realm…

Still unreachable

The connection could not be restored.

Session expired

The server has moved on; the page needs a fresh start.